AoeStats
← sebojo

Arabia

510459228Analyzed
1v1 RM · 14h ago on Oct 1, 2026· 48m 47s· 2 players
Game mode
Random Map
Map size
Tiny (2 player)
Population
200
Speed
Normal
Resources
Standard
Victory
Conquest
Starting age
Dark Age
Ending age
Imperial Age
RankedLock teamsTeams togetherTeam positionsShared explorationLock speedFull tech treeHidden civsTurbo modeCheats
Victory
Defeat
🇨🇦 Malians · Canada
273
+17
🇬🇧 Spanish · United Kingdom
286
-17
Mildregas
12:50 Feudal Age
14:34 Horse Collar
14:41 Double-Bit Axe
16:49 Wheelbarrow
17:51 Man-at-Arms
18:44 Gold Mining
18:48 Stone Mining
19:17 Scale Mail Armor
19:53 Town Watch
22:04 Forging
23:27 Scale Barding Armor
27:26 Castle Age
26:34 Bloodlines
30:29 Gold Shaft Mining
29:56 Heavy Plow
30:53 Stone Shaft Mining
30:31 Bow Saw
30:40 Chain Mail Armor
31:06 Iron Casting
30:52 Chain Barding Armor
32:06 Tigui
32:05 Long Swordsman
32:06 Pikeman
33:27 Treadmill Crane
35:15 Squires
35:27 Arson
43:22 Imperial Age
41:52 Masonry
43:49 Husbandry
45:27 Architecture
44:52 Heated Shot
46:59 Conscription
47:48 Capped Ram
48:00 Heavy Camel Rider
sebojo
3:35 Loom
12:30 Feudal Age
14:02 Wheelbarrow
15:07 Horse Collar
15:16 Double-Bit Axe
16:05 Town Watch
16:45 Gold Mining
19:36 Bloodlines
23:00 Castle Age
25:10 Stone Mining
25:33 Bow Saw
25:36 Heavy Plow
25:53 Town Patrol
28:00 Hand Cart
28:48 Husbandry
28:09 Light Cavalry
30:20 Thumb Ring
29:37 Elite Skirmisher
30:30 Scale Barding Armor
30:17 Fletching
30:27 Padded Archer Armor
34:13 Fervor
34:18 Redemption
34:34 Sanctity
35:10 Chain Barding Armor
34:48 Bodkin Arrow
35:09 Leather Archer Armor
35:05 Forging
40:40 Imperial Age
38:23 Inquisition
40:01 Iron Casting
38:59 Pikeman
39:40 Squires
39:25 Arson
40:49 Ballistics
40:42 Masonry
43:35 Two-Man Saw
42:28 Halberdier
Connection lost

Rejoining the realm…

Still unreachable

The connection could not be restored.

Session expired

The server has moved on; the page needs a fresh start.